cohdb
Replays
Latest Replays
All Replays
Popular Replays
Top Player Replays
Match Explorer
How It Works
Community
CoH3 Stats
Reddit
Sign in to upload your games and track your stats! →
Sign in with Steam
Match 43935480
Unlisted
Match 43935480
Overview
Messages
Build Orders
End
Construct Infanterie Kompanie
Grenadier Squad
Grenadier Squad
MG 42 Machine Gun Team
Pioneer Squad
Medical Station
Grenadier Squad
Infanterie Officer Quarters
Construct Panzergrenadier Kompanie
Grenadier Squad
Selects Mechanized Battlegroup
Selects Raid Package
Selects 8 Rad Armored Car
8 Rad Armored Car
Pioneer Squad
Vityaz
Oncle-Hô
Naratik
Schillou
0
0
Comments
sign in to comment!
No comments posted yet!